 Dungeon Crawl Stone Soup version 0.31-a0-1540-g5a0b83f448 (webtiles) character file.

Game seed: 11977368593386111979

4444 MisterAzrael the Priest (level 10, -9/86 (88) HPs)
             Began as a Hill Orc Fighter on Jan 2, 2024.
             Was a Believer of Beogh.
             Mangled by a death yak (17 damage)
             ... on level 8 of the Dungeon.
             The game lasted 00:20:58 (9037 turns).

MisterAzrael the Priest (Hill Orc Fighter)          Turns: 9037, Time: 00:20:58

HP:   -9/86 (88)    AC: 18    Str: 24    XL:     10   Next: 37%
MP:   16/16         EV:  8    Int:  8    God:    Beogh [**....]
Gold: 414           SH:  5    Dex: 10    Spells: 9/9 levels left

rFire   + . .        l - +0 battleaxe
rCold   + . .        (shield currently unavailable)
rNeg    . . .        H - +6 chain mail {ponderous}
rPois   +            f - +0 helmet
rElec   .            o - scarf {rC+ rF+}
rCorr   .            (no gloves)
SInv    +            (no boots)
Will    .....        r - amulet of reflection Stlth
                     s - ring of see invisible
HPRegen 0.34/turn    v - ring of poison resistance
MPRegen 0.15/turn

%: reflection
@: silenced, weak-willed, lightly drained, slow
A: no striking features
a: Renounce Religion


You were on level 8 of the Dungeon.
You worshipped Beogh.
Beogh was pleased with you.
You visited 1 branch of the dungeon, and saw 10 of its levels.

You collected 574 gold pieces.
You spent 160 gold pieces at shops.

Inventory:

Hand Weapons
 a - a +0 heavy war axe
 d - a +1 vampiric trident
 i - a +2 shortbow of flaming
 l - a +0 battleaxe (weapon)
 F - a +2 heavy hand axe
Missiles
 e - 30 poisoned darts (quivered)
 p - 6 curare-tipped darts
Armour
 b - a +0 scale mail
 c - a +0 buckler
 f - a +0 helmet (worn)
 o - a scarf of resistance (worn)
 H - a +6 chain mail of ponderousness (worn)
Jewellery
 q - a ring of magical power
 r - an amulet of reflection (around neck)
 s - a ring of see invisible (left hand)
 v - a ring of poison resistance (right hand)
 x - an amulet of the acrobat
 D - a ring of protection from cold
Talismans
 n - a serpent talisman
Wands
 C - a wand of charming (10)
Scrolls
 j - 3 scrolls of vulnerability
 u - 3 scrolls of identify
 w - 2 scrolls of noise
 y - a scroll of immolation
Potions
 g - a potion of curing
 k - 2 potions of degeneration {unknown}
 t - a potion of haste {unknown}
 z - 2 potions of heal wounds {unknown}
 A - a potion of enlightenment {unknown}
 E - a potion of experience {unknown}
 G - 2 potions of invisibility {unknown}
 K - a potion of berserk rage {unknown}


   Skills:
 + Level 8.2 Fighting
 + Level 7.5(8.0) Axes
 - Level 2.9(5.0) Polearms
 + Level 4.5 Throwing
 + Level 7.3 Armour
 + Level 7.4 Shields
 * Level 8.6 Invocations


You had 9 spell levels left.
You didn't know any spells.
Your spell library contained the following spells:

 Spells                   Type           Power      Damage    Failure   Level
 Apportation              Tloc           0%         N/A       91%         1
 Shock                    Conj/Air       0%         1d3       91%         1
 Cigotuvi's Dreadful Rot  Necr/Alch/Air  0%         N/A       97%         2
 Jinxbite                 Hex            0%         N/A       97%         2
 Call Canine Familiar     Summ           0%         N/A       99%         3
 Sigil of Binding         Hex            0%         N/A       99%         3
 Swiftness                Air            0%         N/A       99%         3
 Tukima's Dance           Hex            0%         N/A       99%         3
 Airstrike                Air            0%         2d(0-16)  100%        4
 Dimensional Bullseye     Hex/Tloc       0%         N/A       100%        4
 Dispel Undead            Necr           0%         3d6       100%        4
 Iskenderun's Mystic Bla  Conj/Tloc      0%         2d3       100%        4
 Martyr's Knell           Necr/Summ      0%         N/A       100%        4
 Vhi's Electric Charge    Tloc/Air       0%         N/A       100%        4
 Alistair's Intoxication  Alch           0%         N/A       100%        5
 Arcjolt                  Conj/Air       0%         1d10      100%        5
 Death Channel            Necr           0%         N/A       100%        6
 Plasma Beam              Fire/Air       0%         2x1d10    100%        6


Dungeon Overview and Level Annotations

Branches:
Dungeon (10/15)            Temple (0/1) D:4            Lair (0/5) D:8
    Orc: D:9-12

Altars:
Cheibriados
Dithmenos
Gozag
Nemelex Xobeh
Ru
Trog
Yredelemnul

Shops:
D:1 *   D:2 *?**[   D:6 (

Annotations:
D:5 3 runed translucent doors, gummybears's ghost, novice GnHW
D:7 1 runed translucent door


Message History

The death yak gores you!
* * * LOW HITPOINT WARNING * * *
The dart slug launches a dart at you. The slug dart hits you.
* * * LOW HITPOINT WARNING * * *
The orc closely misses you.
As you read the scroll labelled OFUISU NEBRA, it crumbles to dust.
The creatures around you are filled with an inner flame!
It was a scroll of immolation.
The death yak barely misses you. The dart slug launches a dart at you.
The slug dart misses you. The orc barely misses you.
As you read the scroll labelled KASIKES AXKOS, it crumbles to dust.
You assume a fearsome visage.
The dart slug looks frightened!
The death yak looks frightened! x4; The death yak resists with some effort.
The orc wizard looks frightened!
The wyvern looks frightened!
The orc wizard looks frightened!
The orc looks frightened! x2
It was a scroll of fear.
Okay, then.
You see here 17 gold pieces.
As you read the scroll of fear, it crumbles to dust.
You assume a fearsome visage.
The death yak looks frightened!
Found a +0 dagger.
You enter the shallow water.
Moving in this stuff is going to be slow.
Found a snail-covered altar of Cheibriados.
The orc shouts!
The dart slug seems to regain its courage.
The dart slug launches a dart at you.
The slug dart hits you but does no damage.
Found 6 poisoned darts.
As you read the scroll of fear, it crumbles to dust.
You assume a fearsome visage.
The death yak looks frightened!
The death yak resists with almost no effort.
The death yak attacks as it pursues you!
The death yak gores you!
* * * LOW HITPOINT WARNING * * *
As you read the scroll labelled FOH ZEONICIPP, it crumbles to dust.
A profound silence engulfs you.
It was a scroll of silence.
The death yak gores you!
You die...

..... ........# ....... .......#
........# .......# #..)w...#
......### .......## .........
....~~~.# #.....# ###
####~≈≈≈w######.....##.....#####
....~≈.≈~.Y...Y@.(..........o.>.
#####~≈~≈Y######.................
#....oY~~#...# #.#.####..........
#....Y#_##...# #.#.#.........Y...
#.....###....###.#.#......#......
#...$.....Y....#.#.#....###......
.......###.$)#.#.# ..............
.......Y.........###.............
.............#.#................#


You could see 3 death yaks and a dart slug (inner flame, weak-willed).

Vanquished Creatures
  A two-headed ogre (D:9)
  A wyvern (D:9)
  A steam dragon (D:5)
  2 yaks (D:9)
  A vampire mosquito (D:7)
  A water moccasin (D:7)
  An orc warrior (D:9)
  An ice beast (D:8)
  4 ogres
  3 centaurs
  A phantom (D:6)
  2 kobold brigands
  2 bullfrogs
  5 scorpions
  8 wights
  A killer bee (D:7)
  An electric eel (D:7)
  A howler monkey (D:6)
  9 orc priests
  2 bombardier beetles
  A jelly (D:6)
  4 hounds
  4 sleepcaps
  Terence (D:3)
  A human skeleton (D:5)
  4 iguanas
  2 orc wizards
  Robin (D:1)
  4 gnolls (D:3)
  5 adders
  4 ufetubi
  A dart slug (D:3)
  3 ribbon worms
  21 orcs
  6 ball pythons
  8 endoplasms
  8 giant cockroaches
  13 goblins
  11 hobgoblins
  7 jackals
  A quokka (D:5)
  5 bats
  2 frilled lizards (D:3)
  13 kobolds
  9 rats
  2 butterflies (D:7)
189 creatures vanquished.

Vanquished Creatures (collateral kills)
  A yak (D:9)
1 creature vanquished.

Grand Total: 190 creatures vanquished

Notes
Turn   | Place    | Note
-------+----------+-------------------------------------------
     0 | D:1      | MisterAzrael the Hill Orc Fighter began the quest for the
                  | Orb.
     0 | D:1      | Reached XP level 1. HP: 19/19 MP: 1/1
   550 | D:1      | Reached XP level 2. HP: 27/27 MP: 2/2
  1062 | D:2      | Found Liops's Assorted Antiques.
  1075 | D:2      | Noticed Robin
  1158 | D:1      | Reached XP level 3. HP: 17/33 MP: 3/3
  1405 | D:1      | Killed Robin
  1521 | D:2      | Found Xuoz's General Store.
  1552 | D:2      | Found Ozugh's Magic Scroll Shoppe.
  1578 | D:2      | Found Sarhir's General Store.
  1691 | D:2      | Found Vupsuasoow's Antique Armour Boutique.
  1738 | D:2      | Reached XP level 4. HP: 34/40 MP: 4/4
  1797 | D:2      | Found a faded altar of an unknown god.
  1889 | D:2      | Bought a runed scarf for 160 gold pieces
  2050 | D:3      | Noticed Terence
  2064 | D:3      | Killed Terence
  2382 | D:3      | Reached XP level 5. HP: 38/47 MP: 5/5
  2530 | D:3      | Reached skill level 1 in Polearms
  3089 | D:4      | Noticed an ogre
  3217 | D:4      | Reached skill level 5 in Fighting
  3217 | D:4      | Reached XP level 6. HP: 56/56 MP: 6/6
  3230 | D:4      | Found a sparkling altar of Nemelex Xobeh.
  3230 | D:4      | Found a shadowy altar of Dithmenos.
  3286 | D:4      | Found a sacrificial altar of Ru.
  3691 | D:4      | Found a staircase to the Ecumenical Temple.
  3694 | D:4      | Became a worshipper of Beogh the Brigand
  3875 | D:5      | Entered Level 5 of the Dungeon
  3925 | D:5      | Reached skill level 5 in Shields
  4069 | D:5      | Reached skill level 1 in Throwing
  4069 | D:5      | Reached skill level 5 in Armour
  4069 | D:5      | Reached XP level 7. HP: 52/61 MP: 7/7
  4507 | D:5      | Noticed a steam dragon
  4543 | D:5      | Killed a steam dragon
  4544 | D:5      | Reached skill level 1 in Invocations
  4615 | D:5      | Reached XP level 8. HP: 70/70 MP: 9/9
  4711 | D:5      | Found a runed translucent gate.
  4711 | D:5      | Found a runed translucent gate.
  4711 | D:5      | Found a runed translucent gate.
  4836 | D:5      | Noticed gummybears's ghost (novice GnHW)
  4877 | D:5      | Found a runed translucent door.
  4917 | D:5      | Found a basalt altar of Yredelemnul.
  5168 | D:6      | Found an opulent altar of Gozag.
  5275 | D:6      | Reached * piety under Beogh
  5276 | D:6      | Reached skill level 5 in Axes
  5478 | D:6      | Found Docreath's Weapon Boutique.
  5781 | D:6      | Noticed a moth of wrath
  5784 | D:6      | Found a bloodstained altar of Trog.
  5932 | D:7      | Found a runed translucent door.
  5934 | D:7      | Found a runed translucent door.
  5937 | D:7      | You fall into a shaft and drop 3 floors!
  5937 | D:10     | Entered Level 10 of the Dungeon
  6017 | D:9      | Reached skill level 5 in Invocations
  6076 | D:8      | Noticed a death yak
  6096 | D:9      | Reached XP level 9. HP: 31/78 MP: 12/12
  6462 | D:9      | Noticed a two-headed ogre
  6477 | D:9      | Killed a two-headed ogre
  6683 | D:9      | Reached ** piety under Beogh
  7244 | D:8      | Reached XP level 10. HP: 88/88 MP: 15/15
  7244 | D:8      | Found a staircase to the Lair.
  7247 | D:8      | Noticed a death yak
  7248 | D:8      | Noticed a death yak
  7248 | D:8      | Noticed a death yak
  7249 | D:8      | Noticed a death yak
  9025 | D:8      | Found a snail-covered altar of Cheibriados.
  9037 | D:8      | Mangled by a death yak

Illustrated notes

Levels and vault maps discovered:
D:1:      dpeg_arrival_yet_another_circle, layout_basic,
          minmay_misc_feat_diagonals, hangedman_decor_opposing
D:2:      layout_rooms, serial_shops, shop_fountains,
          nicolae_shop_rolling_square, shop, shop, nicolae_shop_trees,
          chequers_ecumenical_altar_lobes, uniq_robin
D:3:      minmay_razor_zed, layout_rooms, uniq_terence
D:4:      layout_loops_ring, kennysheep_mini_moat, jmf_multi_god_temple,
          minmay_temple_entry_stoned_glass
D:5:      kennysheep_steamy, layout_loops_ring, dk_yredelemnul_ordeal,
          gammafunk_ghost_icy, hangedman_abyss_or_decor_lesser_grid
D:6:      layout_basic, mainiacjoe_overflow_catwalk, tgw_trog, serial_shops,
          nicolae_shop_bloodbath_and_beyond
D:7:      lemuel_insect_pit, layout_gridville, fountainhead
D:8:      layout_basic, regret_index_xom_buried_treasure,
          kennysheep_slug_shrine, nzn_wu_jian_contemplation,
          eat_drink_and_be_merry_uskayaw, dpeg_lair_monsters,
          ebering_ghost_reflecting_pool
D:9:      layout_irregular_city, lightli_orcish_oven
D:10:     layout_basic, grunt_qazlal_sundering, old_standard_altar,
          kennysheep_diamond

Skill      XL: |  1  2  3  4  5  6  7  8  9 10 |
---------------+-------------------------------+-----
Axes           | 3 4 5 7 |  7.5
Fighting       | 4 5 6 7 8 |  8.2
Shields        | 4 5 6 7 |  7.4
Armour         | 4 5 6 7 |  7.3
Polearms       | 1 2 |  2.9
Throwing       | 1 2 3 4 |  4.5
Invocations    | 2 5 7 8 |  8.6

Action                     |  1- 3 |  4- 6 |  7- 9 | 10-12 || total
---------------------------+-------+-------+-------+-------++-------
  Melee: War axe           |    94 |    35 |   150 |       ||   279
         Trident           |       |   156 |    38 |       ||   194
         Hand axe          |       |       |    52 |    78 ||   130
         Battleaxe         |       |       |       |     3 ||     3
  Throw: Dart              |       |       |    18 |     8 ||    26
 Invoke: Convert to Beogh  |       |     1 |       |       ||     1
         Smiting           |       |       |       |     2 ||     2
  Evoke: Wand              |       |       |    16 |       ||    16
    Use: Potion            |       |     4 |     1 |     2 ||     7
         Scroll            |       |       |     2 |    15 ||    17
   Stab: Held in net/web   |     1 |       |       |       ||     1
 Armour: Scale mail        |   115 |   107 |   175 |       ||   397
         Skin              |       |    23 |       |       ||    23
         Chain mail        |       |       |    48 |   106 ||   154
  Dodge: Dodged            |    50 |    53 |   101 |    52 ||   256
  Block: Buckler           |    35 |    75 |   177 |    71 ||   358
         Reflection        |       |     2 |     4 |     3 ||     9
         Other             |       |       |       |     2 ||     2

Table legend: (Time is in decaauts)
 A = Elapsed time spent in this place.
 B = Non-inter-level travel time spent in this place.
 C = Inter-level travel time spent in this place.
 D = Time resting spent in this place.
 E = Time spent auto-exploring this place.
 F = Levels seen in this place.
 G = Mean time per level.
                   A        B        C        D        E       F      G
               +--------+--------+--------+--------+--------+-----+--------+
         Total |   9352 |   9196 |    156 |   1756 |   5328 |  10 |  935.2 |
       Dungeon |   9352 |   9196 |    156 |   1756 |   5328 |  10 |  935.2 |
               +--------+--------+--------+--------+--------+-----+--------+

Top non-repeatable levels by time:
     D:7: 1863 daAuts
     D:1: 1418 daAuts
     D:9: 1279 daAuts
     D:5: 1156 daAuts
     D:3: 1060 daAuts
     D:6: 907 daAuts
     D:4: 795 daAuts
     D:2: 679 daAuts
     D:8: 115 daAuts
    D:10: 75 daAuts
